 Dungeon Crawl Stone Soup version 0.24-a0-487-g57318f2ed0 (webtiles) character file.

Game seed: 4859463222251535343

8608 feta the Blocker (level 11, -5/87 HPs)
             Began as a Formicid Fighter on July 11, 2019.
             Was a Priest of Yredelemnul.
             Splashed by a brown ugly thing's acid (7 damage)
             ... on level 11 of the Dungeon.
             The game lasted 00:28:33 (10379 turns).

feta the Blocker (Formicid Fighter)                Turns: 10379, Time: 00:28:33

Health: -5/87      AC: -1    Str: 20    XL:     11   Next: 59%
Magic:  15/17      EV: 13    Int:  9    God:    Yredelemnul [***...]
Gold:   384        SH: 12    Dex: 15    Spells: 10/10 levels left

rFire    + . .     SeeInvis +   a - +2 broad axe (flame)
rCold    . . .     Gourm    .   c - +0 shield
rNeg     . . .     Faith    .   b - +0 scale mail
rPois    .         Spirit   .   (helmet unavailable)
rElec    .         Reflect  .   (no cloak)
rCorr    .         Harm     .   q - +1 pair of gloves
MR       +....                  (no boots)
Stlth    ..........             (no amulet)
HPRegen  0.24/turn              h - +2 ring of dexterity
MPRegen  0.15/turn              z - ring of protection from fire

@: corroded
A: permanent stasis, dig shafts and tunnels, four strong arms, antennae 3
a: Dig, Shaft Self, Recall Undead Slaves, Injury Mirror, Animate Dead, Renounce
Religion


You were on level 11 of the Dungeon.
You worshipped Yredelemnul.
Yredelemnul was most pleased with you.
You were hungry.

You visited 1 branch of the dungeon, and saw 11 of its levels.

You collected 384 gold pieces.

Inventory:

Hand Weapons
 a - a +2 broad axe of flaming (weapon)
 D - a +0 dire flail
Missiles
 k - 7 boomerangs
 l - 7 throwing nets
 m - 251 stones (quivered)
 o - 43 poisoned darts
Armour
 b - a +0 scale mail (worn)
 c - a +0 shield (worn)
 q - a +1 pair of gloves (worn)
 y - the +1 pair of boots of the Quahog {rPois rC- Int+7 Slay-4}
   (You found it on level 6 of the Dungeon)

   It affects your intelligence (+7).
   It affects your accuracy and damage with ranged weapons and melee attacks
   (-4).
   It makes you vulnerable to cold.
   It protects you from poison.
Magical Staves
 A - an uncursed staff of conjuration {unknown}
 E - an uncursed staff of summoning {unknown}
Jewellery
 h - a +2 ring of dexterity (left hand)
 z - a ring of protection from fire (right hand)
Wands
 e - a wand of polymorph (9)
 g - a wand of disintegration (13)
 t - a wand of digging (10)
 w - a wand of acid (8)
Scrolls
 i - 3 scrolls of remove curse
 j - 3 scrolls of identify
 p - 2 scrolls of magic mapping
 r - a scroll of enchant weapon
 u - a scroll of fear
 B - 2 scrolls of amnesia
Potions
 n - 3 potions of curing
 s - a potion of mutation
 v - a potion of agility
 x - a potion of ambrosia
 C - 2 potions of cancellation
Comestibles
 d - a chunk of flesh
 f - 15 rations


   Skills:
 + Level 8.9 Fighting
 + Level 7.6 Axes
 + Level 8.8 Armour
 - Level 6.0 Dodging
 - Level 9.0 Shields
 + Level 8.0 Invocations


You had 10 spell levels left.
You didn't know any spells.
Your spell library contained the following spells:

 Spells                   Type           Power        Failure   Level  Hunger
 Pain                     Necr           #...         69%         1    ##.....


Dungeon Overview and Level Annotations

Branches:
Dungeon (11/15)            Temple (0/1) D:5            Lair (0/6) D:11
    Orc (0/2) D:10

Altars:
Ashenzari
Cheibriados
Elyvilon
Hepliaklqana
Kikubaaqudgha
Nemelex Xobeh
Okawaru
Qazlal
Ru
Sif Muna
Vehumet
Yredelemnul

Annotations:
D:7 2 transporters, Tali's ghost, novice DsBe


Innate Abilities, Weirdness & Mutations

You cannot be hasted, slowed, berserked, paralysed or teleported.
You can dig through walls and to a lower floor.
Your four strong arms can wield two-handed weapons with a shield.
You have a pair of large antennae on your head. (SInv)


Message History

The crocodile dies!
Yredelemnul accepts your kill.
You slash the centaur warrior skeleton! You burn the centaur warrior skeleton.
The centaur warrior skeleton is severely damaged.
You barely miss the brown ugly thing.
The porcupine bites the plant.
The brown ugly thing claws you!
* * * LOW HITPOINT WARNING * * *
The acid corrodes you!
You are splashed with acid!
* * * LOW HITPOINT WARNING * * *
Your ogre zombie hits the centaur warrior skeleton with a +0 giant club!!
The centaur warrior skeleton is destroyed!
Yredelemnul accepts your kill.
Your Invocations skill increases to level 8!
Your porcupine skeleton closely misses the brown ugly thing.
The bullfrog swells and bulges.
The porcupine bites the plant.
The brown ugly thing claws you!
* * * LOW HITPOINT WARNING * * *
You are splashed with acid!
You die...
Your body rises from the dead as a mindless zombie. .#....P.P...PPP ......P.P.PP.>PP #..^.PPP.P.PP.. #.P..PP..P..PrP #..PP.PPP.PPPP.

......PPP.P...
#....PP.P...
#..u.PP.P..
##@)ZF..PP.
###.###)#..PP.P)
......)Z#.######
#.#.###)#.#
#.#.# #.#.#
#.#.# #.#.# #.#


You could see a brown ugly thing, a bullfrog, a porcupine, a friendly ogre
zombie and a friendly porcupine skeleton.

Vanquished Creatures
  Pikel (D:7)
  Joseph (D:7)
  3 trolls
  A hornet (D:10)
  Prince Ribbit (D:8)
  Sigmund (D:6)
  2 porcupines (D:11)
  2 sky beasts (D:6)
  A black bear (D:7)
  An ice beast (D:7)
  2 orc warriors (D:10)
  12 ogres
  4 centaurs
  5 big kobolds
  4 bullfrogs
  A gnoll sergeant (D:10)
  A water moccasin zombie (D:9)
  4 scorpions
  3 killer bees (D:10)
  4 wights (D:8)
  3 howler monkeys
  3 crimson imps
  2 bullfrog zombies
  A centaur zombie (D:7)
  A jelly (D:8)
  An orc priest (D:9)
  4 centaur skeletons
  2 hounds
  A bullfrog skeleton (D:4)
  An iguana (D:7)
  9 orc wizards
  6 worker ants
  A hound skeleton (D:11)
  A worker ant zombie (D:6)
  4 gnolls (D:10)
  13 adders
  A shadow imp (D:6)
  2 oozes
  An adder skeleton (D:4)
  A worm (D:2)
  3 dart slugs
  5 leopard geckos
  32 orcs
  4 giant cockroaches
  7 goblins
  7 hobgoblins
  4 jackals
  11 kobolds
  5 quokkas
  9 bats
  6 frilled lizards
  A jackal skeleton (D:4)
  A quokka zombie (D:6)
  7 rats
  A spectral orc (D:4)
  2 fungi (D:11)
217 creatures vanquished.

Vanquished Creatures (collateral kills)
  Harold (D:8)
  A two-headed ogre (D:9)
  A centaur skeleton (D:11)
  A troll (D:9)
  An orc warrior (D:9)
  A necrophage (D:8)
  A phantom (D:9)
  2 ogres (D:10)
  A crocodile (D:11)
  2 gnoll sergeants (D:10)
  A scorpion (D:9)
  A crimson imp (D:9)
  2 hounds
  An adder skeleton (D:9)
  An orc (D:9)
  A jackal (D:9)
  2 kobolds (D:9)
21 creatures vanquished.

Vanquished Creatures (others)
  An elf skeleton (D:8)
  2 human skeletons (D:8)
  2 killer bee zombies (D:10)
  An ogre zombie (D:9)
  A big kobold zombie (D:9)
  A howler monkey skeleton (D:9)
  An adder skeleton (D:9)
  A jackal skeleton (D:9)
  A kobold zombie (D:9)
  3 orc skeletons
  5 orc zombies
  A quokka skeleton (D:9)
  6 fungi (D:11)
  A plant (D:11)
27 creatures vanquished.

Grand Total: 265 creatures vanquished

Notes
Turn   | Place    | Note
-------+----------+-------------------------------------------
     0 | D:1      | feta the Formicid Fighter began the quest for the Orb.
     0 | D:1      | Reached XP level 1. HP: 18/18 MP: 1/1
    91 | D:1      | Reached XP level 2. HP: 21/24 MP: 2/2
   127 | D:1      | Found a shattered altar of Ashenzari.
   258 | D:1      | Reached skill level 4 in Shields
   539 | D:1      | Reached XP level 3. HP: 29/29 MP: 3/3
   633 | D:2      | Found a stormy altar of Qazlal.
   634 | D:2      | Noticed an earth elemental
   636 | D:2      | Noticed a fire elemental
   636 | D:2      | Noticed an air elemental
   636 | D:2      | Noticed a water elemental
   935 | D:2      | Found a hazy altar of Hepliaklqana.
  1916 | D:3      | Reached XP level 4. HP: 35/36 MP: 4/4
  2603 | D:3      | Reached skill level 1 in Dodging
  2603 | D:3      | Reached XP level 5. HP: 20/42 MP: 5/5
  2638 | D:3      | Reached skill level 5 in Shields
  3184 | D:4      | Reached XP level 6. HP: 44/48 MP: 6/6
  3249 | D:4      | Found a sacrificial altar of Ru.
  3258 | D:4      | Became a worshipper of Ru the Awakened
  3373 | D:4      | Noticed an ogre
  3381 | D:4      | Killed an ogre
  3459 | D:4      | Reached skill level 6 in Shields
  3459 | D:4      | Reached XP level 7. HP: 26/55 MP: 7/7
  4120 | D:4      | Found a basalt altar of Yredelemnul.
  4133 | D:4      | Fell from the grace of Ru
  4133 | D:4      | Became a worshipper of Yredelemnul the Dark
  4339 | D:5      | Entered Level 5 of the Dungeon
  4365 | D:5      | Found a white marble altar of Elyvilon.
  4381 | D:5      | Found a staircase to the Ecumenical Temple.
  5008 | D:5      | Reached skill level 1 in Invocations
  5015 | D:5      | Found an iron altar of Okawaru.
  5331 | D:6      | Reached skill level 5 in Armour
  5331 | D:6      | Reached XP level 8. HP: 57/61 MP: 7/9
  5348 | D:6      | Reached skill level 7 in Shields
  5365 | D:6      | Reached skill level 5 in Fighting
  5398 | D:6      | Got a pair of faintly glowing boots
  5404 | D:6      | Identified the +1 pair of boots of the Quahog {rPois rC-
                  | Int+7 Slay-4} (You found it on level 6 of the Dungeon)
  5426 | D:6      | Found a snail-covered altar of Cheibriados.
  5426 | D:6      | Found a sparkling altar of Nemelex Xobeh.
  5801 | D:6      | Noticed Sigmund
  5810 | D:6      | Killed Sigmund
  5810 | D:6      | Reached skill level 8 in Shields
  5810 | D:6      | Reached XP level 9. HP: 64/68 MP: 11/11
  5957 | D:6      | Reached * piety under Yredelemnul
  6665 | D:7      | Reached skill level 5 in Axes
  6682 | D:7      | Reached skill level 9 in Shields
  6786 | D:7      | Noticed Joseph
  6913 | D:7      | Killed Joseph
  6934 | D:7      | Noticed a queen bee
  6936 | D:7      | Noticed Tali's ghost (novice DsBe)
  6955 | D:7      | Found a transporter.
  6959 | D:7      | Found a transporter.
  6969 | D:7      | Noticed Pikel
  6977 | D:7      | Killed Pikel
  6977 | D:7      | Reached skill level 5 in Invocations
  6977 | D:7      | Reached XP level 10. HP: 77/77 MP: 13/13
  7186 | D:8      | Noticed Prince Ribbit
  7207 | D:8      | Killed Prince Ribbit
  7267 | D:8      | Your ally Prince Ribbit died
  7357 | D:8      | Found an ancient bone altar of Kikubaaqudgha.
  7361 | D:8      | Identified Kikubaaqudgha's Almanac of Evil
  7392 | D:8      | Found a radiant altar of Vehumet.
  7393 | D:8      | Found a deep blue altar of Sif Muna.
  7819 | D:8      | Reached skill level 5 in Dodging
  7997 | D:8      | Noticed Harold
  8008 | D:8      | Killed Harold
  8398 | D:9      | Reached ** piety under Yredelemnul
  8635 | D:9      | Noticed a two-headed ogre
  8655 | D:9      | Killed a two-headed ogre
  8655 | D:9      | Reached XP level 11. HP: 62/86 MP: 14/16
  8990 | D:10     | Entered Level 10 of the Dungeon
  9104 | D:10     | Found a staircase to the Orcish Mines.
  9883 | D:10     | Reached *** piety under Yredelemnul
 10357 | D:11     | Noticed a brown ugly thing
 10363 | D:11     | Found a staircase to the Lair.
 10379 | D:11     | HP: 2/87 [brown ugly thing (8)]
 10379 | D:11     | Splashed by a brown ugly thing's acid

Levels and vault maps discovered:
D:1:      lemuel_arrival_muddy, layout_rooms, nicolae_ashenzari_panopticon
D:2:      kennysheep_six_static_rooms, layout_loops_corners,
          nicolae_qazlal_style_of_elements, old_standard_altar
D:3:      layout_basic, minmay_cut_off
D:4:      layout_loops_ring, nicolae_ru_the_path_less_chosen,
          yredelemnul_forgotten_temple_becter, minmay_misc_feat_cross
D:5:      layout_basic, elyvilon_altar_1, kennysheep_okawaru_gauntlet,
          minmay_temple_entry_glass, first_ration
D:6:      layout_rooms, chequers_temple_overflow_statue_of_worship,
          solitary_fountain, lexackson_kobold_supper, uniq_sigmund
D:7:      layout_rooms, gammafunk_ghost_hive, uniq_pikel, uniq_joseph
D:8:      layout_basic, grunt_temple_overflow_magic_moments, grunt_ogre_cave,
          minmay_chambers_of_fives, uniq_prince_ribbit1, uniq_harold
D:9:      layout_cave_pools, minivault_23
D:10:     layout_basic, kennysheep_orc_monster_closet_entryway
D:11:     layout_loops_ring, due_lair_maze_entry_diamond, basic_altar,
          kennysheep_opposing_triangles

Skill      XL: |  1  2  3  4  5  6  7  8  9 10 11 |
---------------+----------------------------------+-----
Shields        | 4 5 6 8 9 |  9.0
Dodging        | 1 2 3 4 5 6 |  6.0
Armour         | 4 5 6 8 |  8.8
Fighting       | 4 5 6 8 |  8.9
Axes           | 3 4 5 6 7 |  7.6
Invocations    | 1 3 5 6 8 |  8.0

Action                   |  1- 3 |  4- 6 |  7- 9 | 10-12 || total
-------------------------+-------+-------+-------+-------++-------
Melee: War axe           |   112 |   149 |    25 |       ||   286
       Broad axe         |       |       |   202 |   274 ||   476
Throw: Stone             |       |    68 |    60 |    10 ||   138
       Dart              |       |       |    28 |     7 ||    35
Invok: Animate Remains   |       |       |     1 |    33 ||    34
       Animate Dead      |       |       |       |     7 ||     7
 Abil: Dig               |     2 |       |     2 |     3 ||     7
Evoke: Wand              |       |       |       |     1 ||     1
  Use: Potion            |       |     2 |     3 |     1 ||     6
       Scroll            |       |       |     9 |     6 ||    15
 Stab: Distracted        |       |       |       |     2 ||     2
  Eat: Chunk             |     3 |     4 |    13 |    20 ||    40
       Ration            |       |       |       |     1 ||     1
Armor: Scale mail        |    50 |    53 |    91 |    82 ||   276
Dodge: Dodged            |    39 |    58 |    96 |   154 ||   347
Block: Shield            |    55 |    74 |   127 |   218 ||   474

Table legend:
 A = Non-vault XP
 B = Vault XP
 C = Vault XP percentage of total XP
 D = Non-vault monster count
 E = Vault monster count
 F = Vault count percentage of total count
                 A         B        C        D         E       F
            +---------+---------+-------+---------+---------+-------
      Total |    7502 |    4796 |  39.0 |     187 |      49 |  20.8
            +---------+---------+-------+---------+---------+-------
        D:1 |      31 |       0 |   0.0 |      13 |       0 |   0.0
        D:2 |      28 |       9 |  24.3 |      15 |       6 |  28.6
        D:3 |     130 |       5 |   3.7 |      22 |       2 |   8.3
        D:4 |     536 |       1 |   0.2 |      28 |       1 |   3.4
        D:5 |     330 |       0 |   0.0 |       7 |       0 |   0.0
        D:6 |     765 |     332 |  30.3 |      17 |       9 |  34.6
        D:7 |    1115 |    1161 |  51.0 |      19 |       2 |   9.5
        D:8 |     628 |    1390 |  68.9 |      13 |       6 |  31.6
        D:9 |    2107 |     229 |   9.8 |      35 |       1 |   2.8
       D:10 |     916 |    1303 |  58.7 |       9 |      19 |  67.9
       D:11 |     916 |     366 |  28.5 |       9 |       3 |  25.0
            +---------+---------+-------+---------+---------+-------
